AoeStats
← Atlans

Arena

510062843Analyzed
1v1 RM · 2d ago on Sep 29, 2026· 51m 14s· 2 players
Game mode
Random Map
Map size
Tiny (2 player)
Population
200
Speed
Normal
Resources
Standard
Victory
Conquest
Starting age
Dark Age
Ending age
Imperial Age
RankedLock teamsTeams togetherTeam positionsShared explorationLock speedFull tech treeHidden civsTurbo modeCheats
Victory
Defeat
🇫🇷 Franks · France
602
+17
🇨🇳 Hindustanis · China
621
-17
Atlans
4:34 Loom
13:53 Feudal Age
15:22 Wheelbarrow
18:09 Castle Age
16:50 Double-Bit Axe
19:18 Hand Cart
19:46 Forging
19:50 Town Watch
22:47 Gold Mining
26:43 Fletching
26:17 Pikeman
27:40 Town Patrol
27:44 Stone Mining
28:55 Gold Shaft Mining
28:13 Treadmill Crane
30:19 Squires
30:05 Arson
34:39 Imperial Age
32:39 Husbandry
32:43 Scale Mail Armor
34:33 Masonry
34:34 Fortified Wall
35:22 Iron Casting
34:55 Scale Barding Armor
34:22 Light Cavalry
35:52 Conscription
35:33 Chivalry
37:47 Hoardings
37:05 Halberdier
39:10 Blast Furnace
38:30 Chain Mail Armor
39:08 Chain Barding Armor
41:23 Architecture
41:42 Plate Mail Armor
41:12 Bodkin Arrow
41:29 Cavalier
43:09 Plate Barding Armor
46:38 Siege Engineers
48:03 Padded Archer Armor
48:26 Ballistics
48:02 Murder Holes
49:39 Elite Skirmisher
50:36 Leather Archer Armor
50:21 Paladin
重新开始
11:27 Feudal Age
13:50 Double-Bit Axe
16:08 Castle Age
20:49 Horse Collar
21:22 Bow Saw
24:33 Heavy Plow
29:13 Fletching
29:24 Padded Archer Armor
29:35 Forging
29:31 Scale Barding Armor
34:01 Imperial Age
33:22 Wheelbarrow
32:33 Loom
32:34 Town Watch
33:00 Gold Mining
33:01 Stone Mining
33:13 Bodkin Arrow
33:33 Leather Archer Armor
33:54 Iron Casting
33:56 Husbandry
34:07 Bloodlines
34:38 Hand Cart
35:47 Two-Man Saw
34:37 Heavy Camel Rider
35:22 Shatagni
36:07 Gold Shaft Mining
36:18 Chain Barding Armor
36:36 Conscription
36:59 Hoardings
36:49 Ballistics
37:09 Imperial Camel Rider
39:46 Murder Holes
40:52 Chemistry
39:58 Siege Engineers
40:04 Fortified Wall
40:05 Masonry
41:03 Blast Furnace
40:39 Plate Barding Armor
40:57 Stone Shaft Mining
40:52 Bracer
41:23 Ring Archer Armor
Connection lost

Rejoining the realm…

Still unreachable

The connection could not be restored.

Session expired

The server has moved on; the page needs a fresh start.